 Dungeon Crawl Stone Soup version 0.27-a0-1049-g450f9b2e0d (webtiles) character file.

Game seed: 4913900695979480252

1366 funkygono the Firebug (level 8, -11/43 HPs)
             Began as a Gargoyle Fire Elementalist on Apr 21, 2021.
             Mangled by a komodo dragon (17 damage)
             ... on level 6 of the Dungeon.
             The game lasted 00:16:55 (7442 turns).

funkygono the Firebug (Gargoyle Fire Elementalist)  Turns: 7442, Time: 00:16:56

Health: -11/43     AC:  8    Str: 13    XL:     8   Next: 65%
Magic:  12/16      EV: 12    Int: 17    God:
Gold:   229        SH:  0    Dex: 10    Spells: 4/18 levels left

rFire    + . .     SeeInvis .   r - +3 demon blade (venom)
rCold    + . .     Faith    .   (no shield)
rNeg     + . .     Spirit   .   a - +0 robe
rPois    ∞         Reflect  .   (no helmet)
rElec    +         Harm     .   f - scarf {rC+ rF+}
rCorr    .         Rampage  .   (no gloves)
Will     .....                  m - +0 pair of boots
Stlth    ++........             p - amulet of the acrobat
HPRegen  0.14/turn              b - ring of flight
MPRegen  0.15/turn              (no ring)

@: flying
A: AC +5, negative energy resistance 1, electricity resistance, torment
resistance 1, unbreathing 1, petrification resistance
a: no special abilities


You were on level 6 of the Dungeon.
You visited 1 branch of the dungeon, and saw 6 of its levels.

You collected 229 gold pieces.

Inventory:

Hand Weapons
 c - a +3 falchion
 r - a +3 demon blade of venom (weapon)
 t - a +1 whip of electrocution
Missiles
 d - 196 stones
Armour
 a - a +0 robe (worn)
 f - a scarf of resistance (worn)
 g - a +0 kite shield
 m - a +0 pair of boots (worn)
 x - a +0 leather armour
Magical Staves
 q - a staff of fire
Jewellery
 b - a ring of flight (left hand)
 p - an amulet of the acrobat (around neck)
Wands
 v - a wand of flame (21)
 w - a wand of polymorph (9)
 y - a wand of digging (6)
Scrolls
 n - a scroll of teleportation
 s - a scroll of amnesia
Potions
 e - 2 potions of attraction
 h - a potion of resistance
 i - 3 potions of heal wounds
 j - a potion of lignification {unknown}
 k - 2 potions of haste {unknown}
 l - 3 potions of curing
 o - a potion of might {unknown}
 u - a potion of degeneration {unknown}


   Skills:
 + Level 1.4 Fighting
 + Level 1.8 Long Blades
 + Level 2.3 Dodging
 - Level 2.1 Stealth
 * Level 5.8 Spellcasting
 * Level 5.5 Conjurations
 * Level 6.3 Fire Magic


You had 4 spell levels left.
You knew the following spells:

 Your Spells              Type           Power      Damage    Failure   Level
a - Foxfire               Conj/Fire      100%       2x1d9     1%          1
b - Conjure Flame         Conj/Fire      25%        6-21      3%          3
c - Sticky Flame          Conj/Fire      25%        2d5       12%         4
d - Fireball              Conj/Fire      12%        3d7       32%         5
e - Pain                  Necr           16%        1d4       13%         1

Your spell library contained the following spells:

 Spells                   Type           Power      Damage    Failure   Level
 Inner Flame              Hex/Fire       15%        N/A       11%         3
 Animate Skeleton         Necr           8%         N/A       13%         1
 Beastly Appendage        Tmut           8%         N/A       13%         1
 Wereblood                Tmut           4%         N/A       21%         2
 Spider Form              Tmut/Pois      2%         N/A       36%         3
 Vampiric Draining        Necr           2%         2d6       36%         3
 Animate Dead             Necr           2%         N/A       78%         4
 Ice Form                 Ice/Tmut       4%         N/A       78%         4
 Agony                    Necr           4%         N/A       98%         5
 Hydra Form               Tmut           2%         N/A       98%         5


Dungeon Overview and Level Annotations

Branches:
Dungeon (6/15)
 Temple: D:4-7

Altars:
Fedhas
Hepliaklqana
Qazlal

Shops:
D:1 ([=?[


Innate Abilities, Weirdness & Mutations

Your stone body is resilient. (AC +5)
You are immune to poison.
You resist negative energy. (rN+)
You are resistant to electric shocks. (rElec)
You are resistant to unholy torment.
You can survive without breathing.
You are immune to petrification.


Message History

Casting: Foxfire (safe; 1% risk of failure)
Confirm with . or Enter, or press ? or * to list all spells.
You conjure some foxfire!
Casting: Foxfire (safe; 1% risk of failure)
Confirm with . or Enter, or press ? or * to list all spells.
You conjure some foxfire!
The foxfire hits the komodo dragon but does no damage. x2
Casting: Foxfire (safe; 1% risk of failure)
Confirm with . or Enter, or press ? or * to list all spells.
You conjure some foxfire!
Your foxfire dissipates!
The foxfire hits the komodo dragon!
The komodo dragon is lightly wounded.
You slash the komodo dragon!
The komodo dragon looks as sick as possible!
The komodo dragon is heavily wounded.
The foxfire hits the komodo dragon.
The komodo dragon is heavily wounded.
The foxfire hits the komodo dragon but does no damage.
The komodo dragon is heavily wounded.
The foxfire hits the komodo dragon.
The komodo dragon is heavily wounded.
The foxfire hits the komodo dragon but does no damage.
The komodo dragon is heavily wounded.
You closely miss the komodo dragon.
The komodo dragon is heavily wounded.
The komodo dragon bites you. The komodo dragon bites you!
Casting: Foxfire (safe; 1% risk of failure)
Confirm with . or Enter, or press ? or * to list all spells.
You conjure some foxfire!
The komodo dragon bites you!!
Ouch! That really hurt!
* * * LOW HITPOINT WARNING * * *
You hit the komodo dragon but do no damage.
The komodo dragon is severely wounded.
The foxfire hits the komodo dragon.
The komodo dragon is severely wounded.
The foxfire hits the komodo dragon.
The komodo dragon is severely wounded.
The komodo dragon bites you!
You die...

#.............##...##.##.
#########...##.###
##......##....#....
#.............#....
#.............#....
#.............#....
##'##...###'#######
####.##...##...##...#
#..§@#....#.........#
#..§.l....#.........'
#....#....#.........#
#....#....#.........#
#....# ...#.........#
#(...# ...#.........#
#....# ..#.........#
##...# .###...##.### #...
#.#


You could see a komodo dragon (very poisoned).

Vanquished Creatures
  A sky beast (D:5)
  3 ogres
  A centaur (D:4)
  2 scorpions
  A water moccasin skeleton (D:5)
  A howler monkey (D:4)
  A centaur zombie (D:4)
  2 jellies
  2 orc priests (D:4)
  A gnoll shaman (D:5)
  2 hounds (D:5)
  A centaur skeleton (D:5)
  An iguana (D:4)
  3 orc wizards
  Natasha (thrice) (D:2)
  11 gnolls
  A river rat (D:5)
  7 adders
  3 white imps
  An ufetubus (D:6)
  2 worms
  2 dart slugs
  12 orcs
  9 ball pythons
  7 bats
  9 endoplasms
  3 giant cockroaches
  3 goblins (D:1)
  9 hobgoblins
  6 jackals
  5 kobolds
  4 quokkas
  2 frilled lizards
  A rat (D:2)
122 creatures vanquished.

Vanquished Creatures (collateral kills)
  A foxfire (D:4)
1 creature vanquished.

Vanquished Creatures (others)
  503 foxfires
503 creatures vanquished.

Grand Total: 626 creatures vanquished

Notes
Turn   | Place    | Note
-------+----------+-------------------------------------------
     0 | D:1      | funkygono the Gargoyle Fire Elementalist began the quest
                  | for the Orb.
     0 | D:1      | Reached XP level 1. HP: 10/10 MP: 3/3
   146 | D:1      | Found Kaw Kux's Magic Scroll Boutique.
   153 | D:1      | Reached XP level 2. HP: 15/15 MP: 0/5
   488 | D:1      | Found Koobrir's Jewellery Emporium.
   569 | D:1      | Reached XP level 3. HP: 19/19 MP: 1/6
   660 | D:1      | Found Veuxunuuss's Antique Weapon Emporium.
   660 | D:1      | Found Caggux's Armour Boutique.
  1012 | D:1      | Found Weiq's Antique Armour Shop.
  1039 | D:1      | Learned a level 3 spell: Conjure Flame
  1327 | D:2      | Reached XP level 4. HP: 24/24 MP: 3/8
  1355 | D:2      | Noticed Natasha
  1391 | D:2      | Killed Natasha
  1392 | D:2      | Reached skill level 4 in Fire Magic
  1691 | D:2      | Noticed Natasha
  1817 | D:2      | Killed Natasha
  1818 | D:2      | Reached XP level 5. HP: 6/28 MP: 2/9
  2064 | D:2      | Learned a level 4 spell: Sticky Flame
  2197 | D:2      | Noticed Natasha
  2207 | D:2      | Killed Natasha
  2397 | D:3      | Found a faded altar of an unknown god.
  3435 | D:3      | Reached XP level 6. HP: 9/33 MP: 5/11
  3680 | D:4      | Reached skill level 1 in Long Blades
  4408 | D:4      | Reached skill level 1 in Fighting
  4408 | D:4      | Reached XP level 7. HP: 38/38 MP: 8/13
  4448 | D:4      | Learned a level 5 spell: Fireball
  4450 | D:4      | Learned a level 1 spell: Pain
  4497 | D:4      | Reached skill level 5 in Fire Magic
  5321 | D:5      | Entered Level 5 of the Dungeon
  5626 | D:5      | Found a stormy altar of Qazlal.
  5631 | D:5      | Reached XP level 8. HP: 43/43 MP: 12/15
  5730 | D:5      | Reached skill level 5 in Spellcasting
  6004 | D:5      | Found a faded altar of an unknown god.
  6004 | D:5      | Found a faded altar of an unknown god.
  6066 | D:5      | Found a hazy altar of Hepliaklqana.
  6352 | D:5      | Reached skill level 5 in Conjurations
  6455 | D:5      | Reached skill level 6 in Fire Magic
  7003 | D:5      | Found a blossoming altar of Fedhas.
  7078 | D:5      | Identified a scroll of acquirement
  7078 | D:5      | Acquired a +3 demon blade of venom
  7434 | D:6      | Noticed a komodo dragon
  7442 | D:6      | Mangled by a komodo dragon

Illustrated notes

Levels and vault maps discovered:
D:1:      dpeg_arrival_arbitrary_b, layout_rooms, serial_shops, shop, shop,
          shop, shop, nicolae_shop_stone
D:2:      layout_basic, uniq_natasha
D:3:      layout_basic, ebering_ecumenical_altar_sacrificial
D:4:      layout_loops_ring
D:5:      layout_basic, nicolae_qazlal_eye_of_the_storm, fedhas_altar_4,
          nicolae_hepliaklqana_ecumenical_no_more, gup_sewer_entry_bowl,
          grunt_tough_drop
D:6:      layout_gridville, serial_shops, shop

Skill      XL: |  1  2  3  4  5  6  7  8 |
---------------+-------------------------+-----
Conjurations   | 2 3 4 5 |  5.5
Fire Magic     | 4 5 6 |  6.3
Spellcasting   | 3 4 5 |  5.8
Long Blades    | 1 |  1.8
Fighting       | 1 |  1.4
Dodging        | 2 |  2.3
Stealth        | |  2.1

Action                   |  1- 3 |  4- 6 |  7- 9 || total
-------------------------+-------+-------+-------++-------
Melee: Unarmed           |     1 |       |       ||     1
       Falchion          |    35 |    40 |    27 ||   102
       Demon blade       |       |       |     3 ||     3
 Cast: Foxfire           |    46 |   109 |   155 ||   310
       Conjure Flame     |       |     3 |     2 ||     5
       Sticky Flame      |       |       |     1 ||     1
  Use: Scroll            |     2 |     2 |     6 ||    10
       Potion            |       |       |     1 ||     1
Armor: Robe              |    13 |    23 |    28 ||    64
Dodge: Dodged            |    33 |    48 |    26 ||   107
       Rpst.: Falchion   |     9 |    11 |     2 ||    22

Table legend: (Time is in decaauts)
 A = Elapsed time spent in this place.
 B = Non-inter-level travel time spent in this place.
 C = Inter-level travel time spent in this place.
 D = Time resting spent in this place.
 E = Time spent auto-exploring this place.
 F = Levels seen in this place.
 G = Mean time per level.
                   A        B        C        D        E       F      G
               +--------+--------+--------+--------+--------+-----+--------+
         Total |   7477 |   7342 |    135 |    938 |   5063 |   6 | 1246.2 |
       Dungeon |   7477 |   7342 |    135 |    938 |   5063 |   6 | 1246.2 |
               +--------+--------+--------+--------+--------+-----+--------+

Top non-repeatable levels by time:
     D:3: 1638 daAuts
     D:5: 1636 daAuts
     D:4: 1494 daAuts
     D:2: 1310 daAuts
     D:1: 1067 daAuts
     D:6: 330 daAuts
